 Dungeon Crawl Stone Soup version 0.26-a0-812-g31a745ddcd (webtiles) character file.

Game seed: 865926277301391017

64 kae the Ruffian (level 3, -1/29 HPs)
             Began as a Draconian Transmuter on Nov 30, 2020.
             Slain by a dart slug (2 damage)
             ... on level 2 of the Dungeon.
             The game lasted 00:00:40 (1108 turns).

kae the Ruffian (Draconian Transmuter)              Turns: 1108, Time: 00:00:41

Health: -1/29      AC:  5    Str: 12 (13) XL:     3   Next: 91%
Magic:  6/6        EV: 12    Int: 12 (13) God:
Gold:   70         SH:  0    Dex: 10 (11) Spells: 5/6 levels left

rFire    . . .     SeeInvis .     - Unarmed
rCold    . . .     Faith    .   (no shield)
rNeg     . . .     Spirit   .   (armour unavailable)
rPois    .         Reflect  .   (helmet restricted)
rElec    .         Harm     .   (no cloak)
rCorr    .         Rampage  .   (no gloves)
MR       .....                  (no boots)
Stlth    +.........             (no amulet)
HPRegen  0.09/turn              (no ring)
MPRegen  0.10/turn              (no ring)

@: mighty, lethally poisoned (-1 -> -4)
A: unfitting armour, cold-blooded, AC +5
a: no special abilities


You were on level 2 of the Dungeon.
You visited 1 branch of the dungeon, and saw 2 of its levels.

You collected 70 gold pieces.

Inventory:

Scrolls
 a - 2 scrolls of remove curse {unknown}
 c - 2 scrolls of immolation {unknown}
 d - a scroll of identify {unknown}


   Skills:
 + Level 1.8 Fighting
 + Level 2.1 Dodging
 * Level 3.6 Unarmed Combat
 + Level 2.3 Spellcasting
 * Level 2.8 Transmutations


You had 5 spell levels left.
You knew the following spells:

 Your Spells              Type           Power        Failure   Level
a - Beastly Appendage     Tmut           #.....       9%          1

Your spell library contained the following spells:

 Spells                   Type           Power        Failure   Level
 Wereblood                Tmut           #.......     12%         2
 Spider Form              Tmut/Pois      #.........   41%         3
 Ice Form                 Ice/Tmut       #.......     82%         4
 Blade Hands              Tmut           #.........   92%         5


Dungeon Overview and Level Annotations

Branches:
Dungeon (2/15)

Altars:


Innate Abilities, Weirdness & Mutations

Your plain brown scales are hard. (AC +5)
You cannot fit into any form of body armour.
You are cold-blooded and may be slowed by cold attacks.


Message History

There is a lethal amount of poison in your body!
You aren't carrying any potions.
* * * LOW HITPOINT WARNING * * *
You feel sick.
A dart slug comes into view.
Found 10 gold pieces.
A bat comes into view.
Things that are here:
a scroll labelled SAFUXZ ZYUKUUHE; 23 stones You aren't carrying any potions.
* * * LOW HITPOINT WARNING * * *
You feel sick. The bat hits you.
* * * LOW HITPOINT WARNING * * *
You hit the bat.
You kill the bat!
The dart slug bites you but does no damage.
You see here a bat corpse.
Unknown command.
The dart slug bites you.
You die...

...#............)#
#.##..####..###)†# #
#.##..# #..# #..# .#
#.##..#
#..###..###.###
#.##..#
#..............
#..#..#
#..###.?..$....
...#..# # #...##.###
##.#..# #w†.##.#
#.#..# #.@....#
#.#..#####. #....###
#.#........ ......#
#.#†..............#
##................##
............#######
##.########. ...# #
####


You could see a dart slug.

Vanquished Creatures
  3 adders (D:2)
  An ooze (D:1)
  A ball python (D:2)
  6 bats
  A giant cockroach (D:2)
  6 goblins
  4 hobgoblins
  3 frilled lizards
  3 kobolds
  6 rats
34 creatures vanquished.

Notes
Turn   | Place    | Note
-------+----------+-------------------------------------------
     0 | D:1      | kae the Draconian Transmuter began the quest for the Orb.
     0 | D:1      | Reached XP level 1. HP: 16/16 MP: 3/3
   150 | D:1      | Reached XP level 2. HP: 17/23 MP: 3/5
   667 | D:2      | Reached XP level 3. HP: 21/28 MP: 4/6
  1105 | D:2      | HP: 1/29 [bat (1)]
  1108 | D:2      | Slain by a dart slug

Illustrated notes

Levels and vault maps discovered:
D:1:      nicolae_arrival_memento_mori, layout_rooms, hex_intersection,
          st_stairs_10
D:2:      layout_loops_ring, tgw_xom, uniq_terence

Skill      XL: |  1  2 |
---------------+-------+-----
Dodging        | 2 |  2.1
Fighting       | |  1.8
Unarmed Combat | |  3.6
Spellcasting   | |  2.3
Transmutations | |  2.8

Action                   || total
-------------------------++-------
Melee: Unarmed           ||    89
       Kick              ||    15
       Headbutt          ||     8
       Tailslap          ||     6
       Punch             ||     1
 Cast: Beastly Appendage ||    14
  Use: Potion            ||     2
Armor: Skin              ||    39
Dodge: Dodged            ||    71

Table legend: (Time is in decaauts)
 A = Elapsed time spent in this place.
 B = Non-inter-level travel time spent in this place.
 C = Inter-level travel time spent in this place.
 D = Time resting spent in this place.
 E = Time spent auto-exploring this place.
 F = Levels seen in this place.
 G = Mean time per level.
                   A        B        C        D        E       F      G
               +--------+--------+--------+--------+--------+-----+--------+
         Total |   1103 |   1096 |      7 |    243 |    645 |   2 |  551.5 |
       Dungeon |   1103 |   1096 |      7 |    243 |    645 |   2 |  551.5 |
               +--------+--------+--------+--------+--------+-----+--------+

Top non-repeatable levels by time:
     D:1: 917 daAuts
     D:2: 186 daAuts
